woodfighter, neutral female scurrid Archeologist ----- ----- |..*.#####....-##### |}}.|# |...| ## |}.<.## |...| # -|---# -----#### % ## # `## @# of# o woodfighter the Field Worker Experience level: 4 Strength: 12 Dexterity: 11 Constitution: 14 Intelligence: 16 Wisdom: 10 Charisma: 14 Health: 0(28) Energy: 21(21) Def: 2 Gold: 2055 Moves: 1263 Dungeon seed: A3A1EO845UqNJgHR Game ID: woodfighter_1532887385 Your Inventory: Coins $ - 2055 gold pieces Weapons a - a blessed +2 bullwhip named Mighty Whip (weapon in paw) h - a +0 boomerang (in quiver) v - a blessed +0 dagger A - a +0 elven dagger Armor e - an uncursed +0 leather jacket (being worn) n - an uncursed +0 pair of leather gloves (being worn) y - an uncursed +0 elven mithril-coat Comestibles b - 4 uncursed chestnuts i - 4 uncursed food rations l - an uncursed sprig of wolfsbane p - an uncursed tripe ration Scrolls j - an uncursed scroll of confuse monster t - an uncursed scroll of enchant armor u - an uncursed scroll of scare monster w - an uncursed scroll of earth B - a blessed scroll of identify D - an uncursed scroll of remove curse Spellbooks x - an uncursed spellbook of confuse monster Potions k - an uncursed potion of invisibility F - an uncursed potion of blindness Wands d - a wand of light (0:13) o - a wand of striking (0:7) Tools c - an uncursed pair of lenses s - an uncursed sack Gems q - an uncursed aquamarine Q - an uncursed touchstone Spells and supernatural/magical abilities: Name Level Category Fail Memory W - pray for help -- divine ? -- Your skills at the end: Miscellaneous Skills wands [Basic] Weapon Skills boomerang [Basic] whip [Basic] Spellcasting Skills Final Attributes: You were devoutly aligned. You had infravision. You were very stealthy. You were fast. You were lucky. You are dead. Vanquished creatures: a hill orc an orc zombie a dwarf zombie 2 coyotes a gas spore 4 hobbits a large kobold 2 geckos a hobgoblin a giant rat 2 yellow molds 3 jackals a kobold 6 newts 3 goblins a sewer rat 4 grid bugs a bat 3 lichens 39 creatures vanquished. Voluntary challenges: You did not adorn yourself with jewelry or accessories. You did not cause conflict. You were not invisible. You did not have reflection. You were not displaced. You were an atheist. You used a wielded weapon 54 times, starting on turn 135. You did not use containers. You did not apply a unicorn horn. You did not use plumbed fixtures. You did not drink any magical draughts. You were illiterate. You never genocided any monsters. You never polymorphed an object. You never changed form. You used no wishes. You never split a pudding. You never wrote Elbereth's name. You never violated your personal moral code. Dungeon overview: The Dungeons of Doom: levels 1 to 6 Level 1 an altar to Quetzalcoatl, a sink a long staircase Level 2 a fountain stairs to The Gnomish Mines Level 3 (water) a fountain Level 4 some fountains Level 5 a general store, a fountain Level 6 <- You were here The Gnomish Mines: Level 3 stairs to The Dungeons of Doom History has recorded: On T:1 you entered the Dungeons of Doom to retrieve the Amulet of Yendor! On T:19 you reached level 2 of The Dungeons of Doom. On T:354 you reached level 3 of The Dungeons of Doom. On T:468 you advanced to experience level 2. On T:476 you reached level 1 of The Gnomish Mines. On T:620 you reached level 4 of The Dungeons of Doom. On T:744 you advanced to experience level 3. On T:796 you reached level 5 of The Dungeons of Doom. On T:1034 you reached level 6 of The Dungeons of Doom. On T:1162 you advanced to experience level 4. Score breakdown: Gold: 2055 ( 205 points) Experience: 4 levels ( 300 points) Exploration: 6 levels ( 150 points) Discoveries: 13 items ( 650 points) Variety of kills: 19 monsters ( 950 points) Major goal: (nothing yet) ( 0 points) Survival: died (score multiplied by 3) Total score: 6765 Latest messages: The goblin punches you! You kill the goblin! There are a few objects here. The orc zombie scratches you! You miss the orc zombie. You stab the orc zombie. (2x) You miss the orc zombie. The orc zombie scratches you! You stab the orc zombie. You destroy the orc zombie! You stab the hill orc. You miss the hill orc. You stab the hill orc. You miss the hill orc. The hill orc wields a curved sword! You stab the hill orc. (2x) The hill orc swings her curved sword at you. The hill orc hacks you! You miss the hill orc. You are now wielding your bullwhip named Mighty Whip. Kitty misses the hill orc. The hill orc swings her curved sword at you. The hill orc slashes you! You die... The sack is empty. The sack is empty. Final status: Goodbye woodfighter the Archeologist, killed by a hill orc... You died in The Dungeons of Doom on dungeon level 6 with 6765 points, and 2055 pieces of gold, after 1263 moves. You were level 4 with a maximum of 28 hit points when you died.